 Dungeon Crawl Stone Soup version 0.25.1-2-g60ff931df9 (webtiles) character file.

Game seed: 4982624931352839894

81 H0rd4k the Magician (level 4, 0/24 HPs)
             Began as a Deep Elf Wizard on Nov 18, 2020.
             Succumbed to an adder's poison
             ... on level 2 of the Dungeon.
             The game lasted 00:03:34 (2157 turns).

H0rd4k the Magician (Deep Elf Wizard)               Turns: 2157, Time: 00:03:34

Health: 0/24       AC:  2    Str:  4    XL:     4   Next: 19%
Magic:  9/14       EV: 13    Int: 24    God:
Gold:   38         SH:  0    Dex: 13    Spells: 6/15 levels left

rFire    . . .     SeeInvis .   j - +0 dagger (drain)
rCold    . . .     Gourm    .   (no shield)
rNeg     . . .     Faith    .   a - +0 robe
rPois    .         Spirit   .   b - +0 hat
rElec    .         Reflect  .   (no cloak)
rCorr    .         Harm     .   (no gloves)
MR       .....                  (no boots)
Stlth    ++........             (no amulet)
HPRegen  0.08/turn              (no ring)
MPRegen  0.14/turn              (no ring)

@: lethally poisoned (0 -> -3), about to teleport, berserk cooldown
A: no striking features
a: no special abilities


You were on level 2 of the Dungeon.
You were hungry.

You visited 1 branch of the dungeon, and saw 2 of its levels.

You collected 38 gold pieces.

Inventory:

Hand Weapons
 j - a +0 dagger of draining (weapon)
Armour
 a - a +0 robe (worn)
 b - a +0 hat (worn)
Scrolls
 c - 2 scrolls of identify
 g - a scroll of remove curse
 i - a scroll of blinking
Comestibles
 d - 2 rations


   Skills:
 + Level 2.6 Dodging
 + Level 2.7 Stealth
 + Level 6.0 Spellcasting
 + Level 1.5 Conjurations
   Level 1.1 Summonings
 + Level 1.1 Translocations
 * Level 0.9 Fire Magic
 * Level 1.0 Air Magic
 * Level 0.8 Poison Magic


You had 6 spell levels left.
You knew the following spells:

 Your Spells              Type           Power        Failure   Level  Hunger
a - Magic Dart            Conj           ##..         4%          1    None
b - Blink                 Tloc           N/A          8%          2    None
c - Conjure Flame         Conj/Fire      ##......     14%         3    #......
d - Mephitic Cloud        Conj/Pois/Air  ##......     16%         3    #......

Your spell library contained the following spells:

 Spells                   Type           Power        Failure   Level  Hunger
 Call Imp                 Summ           ##......     8%          2    None
 Slow                     Hex            #.......     12%         2    None


Dungeon Overview and Level Annotations

Branches:
Dungeon (2/15)

Altars:


Message History

You feel sick.
* * * LOW HITPOINT WARNING * * *
You feel sick.
* * * LOW HITPOINT WARNING * * *
You feel sick.
* * * LOW HITPOINT WARNING * * *
You feel sick.
You aren't carrying any potions.
Unknown command.
Unknown command.
As you read the scroll labeled BUCORITHITT, it crumbles to dust.
It is a scroll of identify.
i - a scroll of blinking
* * * LOW HITPOINT WARNING * * *
You feel sick.
As you read the scroll labeled GASYNU NUDE, it crumbles to dust.
You feel strangely unstable.
It was a scroll of teleportation.
As you read the scroll labeled HIUSSO FUOTAS, it crumbles to dust.
You feel blessed for a moment.
It was a scroll of remove curse.
You die...

# .# # #.# .#
#####.# #.#### #S
#....###.. ..# ...
#..##.#.# #.# ..
#..###.#
###.#####.# #..#
#.###...(.....#
#..#
#....@..(.....#
###..#
#####.#<#######
#.#..# #.#.#
#...#######.#.#
##..##........#
##....##.....#####
#.
##..##...(.......
#.#
#....#.####.#####
#.# #...#...# #.#
..#


There were no monsters in sight!

Vanquished Creatures
  4 adders (D:2)
  A ball python (D:1)
  4 giant cockroaches
  6 goblins
  8 hobgoblins
  5 jackals
  2 kobolds
  A bat (D:1)
  3 frilled lizards (D:1)
  8 rats
42 creatures vanquished.

Notes
Turn   | Place    | Note
-------+----------+-------------------------------------------
     0 | D:1      | H0rd4k the Deep Elf Wizard began the quest for the Orb.
     0 | D:1      | Reached XP level 1. HP: 10/10 MP: 7/7
   307 | D:1      | Reached skill level 5 in Spellcasting
   342 | D:1      | Reached XP level 2. HP: 15/15 MP: 7/10
   989 | D:1      | Reached XP level 3. HP: 19/19 MP: 10/12
   993 | D:1      | Learned a level 2 spell: Blink
   997 | D:1      | Learned a level 3 spell: Conjure Flame
  1001 | D:1      | Learned a level 3 spell: Mephitic Cloud
  2045 | D:2      | Reached XP level 4. HP: 24/24 MP: 4/13
  2129 | D:2      | Reached skill level 6 in Spellcasting
  2129 | D:2      | Reached skill level 1 in Air Magic
  2149 | D:2      | HP: 1/24 [poisoned by an adder]
  2157 | D:2      | Succumbed to an adder's poison

Illustrated notes

Levels and vault maps discovered:
D:1:      ncdulo_wetmaze, layout_loops_ring
D:2:      layout_loops_ring, minmay_pentomino_r2, uniq_natasha

Skill      XL: |  1  2  3  4 |
---------------+-------------+-----
Spellcasting   | 5 6 |  6.0
Air Magic      | 1 |  1.0
Dodging        | |  2.6
Stealth        | |  2.7
Conjurations   | |  1.5
Summonings     | |  1.1
Translocations | |  1.1
Fire Magic     | |  0.9
Poison Magic   | |  0.8

Action                   |  1- 3 |  4- 6 || total
-------------------------+-------+-------++-------
Melee: Dagger            |     2 |       ||     2
 Cast: Magic Dart        |   130 |    10 ||   140
  Use: Scroll            |       |     3 ||     3
       Potion            |       |     2 ||     2
  Eat: Chunk             |     3 |       ||     3
Armor: Robe              |    10 |     1 ||    11
Dodge: Dodged            |    37 |     5 ||    42
